 Dungeon Crawl Stone Soup version 0.28-a0-381-g937acc2988 (webtiles) character file.

Game seed: 14346296599365168804

517 quinnr the Stinger (level 7, -5/46 HPs)
             Began as a Demonspawn Venom Mage on Sept 1, 2021.
             Hit by a boomerang thrown by an orc (7 damage)
             ... on level 4 of the Dungeon on Sept 2, 2021.
             The game lasted 00:18:47 (6522 turns).

quinnr the Stinger (Demonspawn Venom Mage)          Turns: 6522, Time: 00:18:48

Health: -5/46      AC:  4    Str:  8    XL:     7   Next: 0%
Magic:  1/11       EV: 13    Int: 24    God:
Gold:   15         SH:  0    Dex: 20    Spells: 3/13 levels left

rFire   . . .      SeeInvis .   b - +0 dagger (freeze)
rCold   . . .      Faith    .   (no shield)
rNeg    . . .      Spirit   .   r - +1 robe
rPois   .          Reflect  .   (helmet restricted)
rElec   .          Harm     .   (no cloak)
rCorr   .          Rampage  .   o - +0 pair of gloves
Will    .....                   (no boots)
Stlth   ++........              (no amulet)
HPRegen 0.15/turn               q - +6 ring of dexterity
MPRegen 0.12/turn               j - +6 ring of intelligence

@: lethally poisoned (-5 -> -6)
A: antennae 2, talons 2, powered by pain 1, low mp 1
a: no special abilities


You were on level 4 of the Dungeon.
You visited 1 branch of the dungeon, and saw 4 of its levels.

You collected 126 gold pieces.
You spent 111 gold pieces at shops.

Inventory:

Hand Weapons
 b - a +0 dagger of freezing (weapon)
Armour
 a - a +0 robe
 e - a +0 leather armour
 o - a +0 pair of gloves (worn)
 r - a +1 robe (worn)
Jewellery
 j - a +6 ring of intelligence (right hand)
 m - an amulet of guardian spirit
 q - a +6 ring of dexterity (left hand)
Wands
 l - a wand of iceblast (5)
 u - a wand of paralysis (3)
Scrolls
 c - 2 scrolls of fog {unknown}
 d - a scroll of blinking {unknown}
 f - a scroll of magic mapping {unknown}
 g - a scroll of brand weapon {unknown}
 i - a scroll of teleportation {unknown}
 k - a scroll of acquirement {unknown}
 n - a scroll of identify {unknown}
 p - a scroll of amnesia {unknown}
 t - a scroll of immolation {unknown}
Potions
 h - a potion of degeneration {unknown}


   Skills:
 + Level 0.1 Fighting
 + Level 3.0 Dodging
 + Level 1.9 Stealth
 + Level 3.8 Spellcasting
 - Level 2.0 Transmutations
 - Level 1.0 Air Magic
 + Level 5.9 Poison Magic


You had 3 spell levels left.
You knew the following spells:

 Your Spells              Type           Power      Damage    Failure   Level
a - Sting                 Tmut/Pois      92%        1d7       1%          1
b - Poisonous Vapours     Pois/Air       42%        N/A       3%          2
c - Mephitic Cloud        Conj/Pois/Air  15%        N/A       12%         3
d - Olgreb's Toxic Radia  Pois           33%        N/A       9%          4

Your spell library contained the following spells:

 Spells                   Type           Power      Damage    Failure   Level
 Slow                     Hex            4%         N/A       16%         2
 Call Canine Familiar     Summ           4%         N/A       30%         3
 Confusing Touch          Hex            4%         N/A       30%         3
 Portal Projectile        Hex/Tloc       8%         N/A       30%         3
 Vampiric Draining        Necr           2%         2d6       30%         3
 Leda's Liquefaction      Hex/Erth       2%         N/A       69%         4


Dungeon Overview and Level Annotations

Branches:
Dungeon (4/15)
 Temple: D:4-7

Altars:

Shops:
D:2 [

Annotations:
D:3 2 transporters, Manisian's ghost, amateur OpTm


Innate Abilities, Weirdness & Mutations

You have a pair of antennae on your head.
You have razor-sharp toenails.
You sometimes gain a little power by taking damage.
Your magical capacity is low. (-10% MP)


Message History

The orc throws a boomerang.
The boomerang hits you.
Unknown command.
Casting: Poisonous Vapours (safe; 3% risk of failure)
Confirm with . or Enter, or press ? or * to list all spells.
Aiming: Sting (safe; 1% risk of failure)
Press: ? - help, Shift-Dir - straight line, f - orc
Aim: an orc, wielding a +3 hand axe, wearing a +0 leather armour and quivering boomerangs (76% to hit)
The sting misses the orc.
The sting hits the orc.
The orc is poisoned.
The orc is almost dead.
* * * LOW HITPOINT WARNING * * *
You feel very sick.
Reactivating autopickup.
You feel a bit more experienced.
You kill the orc!
You have reached level 7!
Unknown command.
Unknown command.
Okay, then.
* * * LOW HITPOINT WARNING * * *
You feel very sick.
The orc throws a boomerang.
The boomerang barely misses you.
It was a potion of mutation.
You feel extremely strange.
You feel less energetic.
* * * LOW HITPOINT WARNING * * *
You feel sick.
The orc throws a boomerang.
The boomerang hits you but does no damage.
Unknown command.
* * * LOW HITPOINT WARNING * * *
You feel sick.
* * * LOW HITPOINT WARNING * * *
You feel sick.
An iguana comes into view.
* * * LOW HITPOINT WARNING * * *
You feel sick.
* * * LOW HITPOINT WARNING * * *
You feel sick.
The orc throws a boomerang.
The boomerang closely misses you.
* * * LOW HITPOINT WARNING * * *
You feel sick.
* * * LOW HITPOINT WARNING * * *
You feel sick.
The orc throws a boomerang.
The boomerang hits you!
You die...

#.. #)########.........
#... #)#................
#...##.#................
#....#...........#.#####
#.....o........>...####.
##.##.........#..####...
##..#.#.......###.##
#....##..#...##..#
#.@..##..#...##.##
#.......##.#.##.###
#.....#.##.#......#
###..........#.##.#..
#........>........##. ##
...................##
##.. ##..................
#...##<.................#
........[...............#


You could see an orc.

Vanquished Creatures
  An ogre (D:4)
  2 scorpions
  A bullfrog zombie (D:4)
  3 orc wizards
  4 gnolls
  6 adders
  2 adder skeletons (D:4)
  A worm (D:3)
  3 dart slugs
  11 orcs
  11 ball pythons
  2 bats
  11 endoplasms
  A giant cockroach (D:4)
  6 hobgoblins
  10 jackals
  2 quokkas (D:3)
  4 frilled lizards
  3 goblins
  6 kobolds
  6 rats
96 creatures vanquished.

Notes
Turn   | Place    | Note
-------+----------+-------------------------------------------
     0 | D:1      | quinnr the Demonspawn Venom Mage began the quest for the
                  | Orb.
     0 | D:1      | Reached XP level 1. HP: 13/13 MP: 3/3
   137 | D:1      | Gained mutation: You sometimes gain a little power by
                  | taking damage. [demonic ancestry]
   137 | D:1      | Reached XP level 2. HP: 12/19 MP: 1/5
   676 | D:1      | Reached skill level 4 in Poison Magic
   939 | D:1      | Gained mutation: You have sharp toenails. [demonic
                  | ancestry]
   939 | D:1      | Reached XP level 3. HP: 24/24 MP: 2/6
  2451 | D:2      | Gained mutation: You have a pair of small antennae on your
                  | head. [demonic ancestry]
  2451 | D:2      | Reached XP level 4. HP: 30/30 MP: 5/7
  2499 | D:2      | Found Obusian's Antique Armour Boutique.
  2503 | D:2      | Learned a level 2 spell: Poisonous Vapours
  2507 | D:2      | Learned a level 3 spell: Mephitic Cloud
  2930 | D:3      | Reached skill level 1 in Transmutations
  3121 | D:3      | Found a transporter.
  3122 | D:3      | Noticed Manisian's ghost (amateur OpTm)
  3353 | D:3      | Found a transporter.
  3357 | D:3      | Noticed a scorpion
  3370 | D:3      | Killed a scorpion
  3371 | D:3      | Reached skill level 1 in Air Magic
  3371 | D:3      | Gained mutation: You have a pair of antennae on your head.
                  | [demonic ancestry]
  3371 | D:3      | Reached XP level 5. HP: 29/35 MP: 3/8
  3820 | D:3      | Reached skill level 5 in Poison Magic
  4989 | D:4      | Noticed a black bear
  5055 | D:2      | Bought an embroidered robe for 111 gold pieces
  5471 | D:4      | Noticed an ogre
  5686 | D:4      | Gained mutation: You have razor-sharp toenails. [demonic
                  | ancestry]
  5686 | D:4      | Reached XP level 6. HP: 41/41 MP: 0/10
  5882 | D:4      | Learned a level 4 spell: Olgreb's Toxic Radiance
  6515 | D:4      | Reached XP level 7. HP: 14/46 MP: 0/12
  6516 | D:4      | Gained mutation: Your magical capacity is low. (-10% MP)
                  | [potion of mutation]
  6519 | D:4      | HP: 4/46 [poisoned by an orc wizard]
  6522 | D:4      | Hit by a boomerang thrown by an orc

Illustrated notes

Levels and vault maps discovered:
D:1:      evilmike_arrival_plus, layout_basic, minmay_hedge_maze
D:2:      layout_loops_ring, serial_shops, nicolae_shop_behind_doors
D:3:      layout_rooms, gammafunk_ghost_mausoleum
D:4:      layout_rooms, kennysheep_path_1

Skill      XL: |  1  2  3  4  5  6 |
---------------+-------------------+-----
Poison Magic   | 4 5 |  5.9
Dodging        | 2 3 |  3.0
Transmutations | 1 2 |  2.0
Air Magic      | 1 |  1.0
Spellcasting   | 3 |  3.8
Fighting       | |  0.1
Stealth        | |  1.9

Action                   |  1- 3 |  4- 6 |  7- 9 || total
-------------------------+-------+-------+-------++-------
Melee: Dagger            |    47 |   111 |       ||   158
       Kick              |    15 |    40 |       ||    55
 Cast: Sting             |    66 |    86 |       ||   152
       Poisonous Vapours |       |    46 |       ||    46
       Mephitic Cloud    |       |     2 |       ||     2
  Use: Potion            |       |     2 |     1 ||     3
Armor: Robe              |     1 |    40 |     1 ||    42
Dodge: Dodged            |    22 |   137 |     2 ||   161

Table legend: (Time is in decaauts)
 A = Elapsed time spent in this place.
 B = Non-inter-level travel time spent in this place.
 C = Inter-level travel time spent in this place.
 D = Time resting spent in this place.
 E = Time spent auto-exploring this place.
 F = Levels seen in this place.
 G = Mean time per level.
                   A        B        C        D        E       F      G
               +--------+--------+--------+--------+--------+-----+--------+
         Total |   6532 |   6294 |    238 |   1175 |   3996 |   4 | 1633.0 |
       Dungeon |   6532 |   6294 |    238 |   1175 |   3996 |   4 | 1633.0 |
               +--------+--------+--------+--------+--------+-----+--------+

Top non-repeatable levels by time:
     D:3: 2126 daAuts
     D:2: 1536 daAuts
     D:1: 1492 daAuts
     D:4: 1376 daAuts
